Map: [ESL] Moondance

Players

Rex

  • Race: Zerg Zerg
  • Spawn Location: 6:00

Has - Winner!

  • Race: Protoss Protoss
  • Spawn Location: 12:00

Event: DreamHack SC2 Masters 2022 Atlanta (Online)

VOD

Have the link to the VOD?

Description

Time

  • Played on: Sept. 29, 2022, 7:41 a.m.
  • Length: 13:33

All games in this series

Show
View Real Time Build Order
Export as new Build Order

Rex Zerg 

Build Orders: Hatch First 

Get SALT Encoding   

  12  0:00  Drone  
  13  0:13  Overlord  
  13  0:16  Drone  
  14  0:31  Drone x2  
  16  0:48  Hatchery  
  15  0:51  Drone  
  15  0:55  Drone  
  17  0:59  Drone  
  18  1:08  Extractor  
  17  1:13  Spawning Pool  
  17  1:16  Drone  
  17  1:19  Drone  
  18  1:28  Drone  
  19  1:39  Drone  
  20  1:50  Overlord  
  20  2:00  Queen x2  
  20  2:01  Zergling x4  
  26  2:09  Metabolic Boost  
  26  2:10  Drone  
  26  2:11  Drone  
  28  2:21  Drone  
  30  2:22  Drone  
  30  2:33  Hatchery  
  30  2:35  Drone  
  30  2:38  Drone  
  31  2:44  Queen  
  31  2:50  Overlord  
  33  2:53  Drone x2  
  33  2:56  Drone  
  36  3:05  Overlord  
  36  3:08  Queen  
  36  3:10  Drone  
  36  3:11  Drone  
  36  3:12  Drone  
  41  3:18  Drone x2  
  43  3:23  Queen  
  43  3:26  Overlord  
  45  3:27  Drone  
  45  3:33  Drone  
  47  3:38  Drone  
  47  3:42  Drone  
  47  3:44  Overlord  
  47  3:46  Queen  
  47  3:47  Drone  
  51  3:51  Spore Crawler  
  51  3:53  Spore Crawler  
  51  3:54  Zergling x4  
  51  3:59  Spore Crawler  
  50  4:05  Zergling x4  
  50  4:06  Zergling x4  
  50  4:08  Drone, Overlord  
  55  4:12  Drone x2  
  55  4:13  Drone  
  58  4:22  Overlord  
  58  4:27  Spore Crawler  
  58  4:28  Drone x5  
  60  4:36  Extractor  
  60  4:37  Extractor  
  60  4:38  Overlord  
  57  4:42  Lair  
  58  4:46  Drone x4  
  58  4:48  Roach Warren, Extractor  
  58  4:51  Drone x2  
  61  4:55  Drone  
  61  4:56  Drone x2  
  64  5:03  Zergling x8  
  68  5:07  Overlord x2  
  68  5:09  Drone  
  69  5:14  Spore Crawler  
  68  5:22  Drone x5  
  68  5:23  Drone  
  68  5:24  Drone  
  68  5:26  Overlord  
  76  5:33  Overlord  
  76  5:37  Overlord  
  76  5:39  Glial Reconstitution  
  76  5:41  Roach x3  
  82  5:43  Overseer  
  82  5:46  Roach x2  
  82  5:49  Roach x2  
  90  5:57  Roach x4  
  95  5:58  Drone  
  95  5:59  Drone  
  95  6:01  Extractor  
  98  6:05  Roach x2  
  98  6:06  Roach  
  98  6:09  Roach  
  106  6:17  Drone x7  
  113  6:22  Evolution Chamber  
  113  6:23  Roach x2  
  113  6:24  Roach  
  117  6:27  Zergling x2  
  117  6:29  Ravager x5  
  117  6:32  Zergling x4  
  125  6:36  Roach  
  125  6:37  Roach  
  129  6:41  Overlord  
  128  6:49  Overlord  
  128  6:50  Overlord  
  128  6:51  Drone x2  
  130  6:56  Zerg Missile Weapons Level 1, Hatchery  
  130  6:59  Overlord  
  130  7:00  Ravager  
  130  7:01  Roach x3  
  136  7:05  Roach  
  138  7:09  Roach x3  
  138  7:10  Ravager  
  138  7:11  Ravager  
  138  7:13  Roach x2  
  150  7:21  Roach x4  
  152  7:31  Roach x5  
  152  7:36  Baneling Nest  
  161  7:48  Overlord  
  161  7:49  Overlord x4  
  153  8:00  Roach  
  153  8:05  Roach x5  
  152  8:07  Roach  
  152  8:08  Roach x8  
  152  8:09  Ravager  
  167  8:16  Roach x3  
  174  8:20  Ravager  
  174  8:23  Roach x3  
  174  8:24  Drone  
  181  8:36  Roach x7  
  181  8:38  Overlord  
  195  8:43  Zergling x6, Drone  
  197  9:01  Roach x12  
  192  9:05  Roach x2  
  192  9:06  Roach x2  
  179  9:11  Roach  
  179  9:12  Roach x2  
  179  9:13  Roach  
  181  9:18  Roach x2  
  181  9:19  Roach  
  181  9:23  Roach  
  189  9:26  Roach x3  
  189  9:28  Roach  
  189  9:30  Roach  
  196  9:36  Roach x3  
  176  9:38  Roach x2  
  176  9:40  Roach  
  176  9:43  Roach  
  173  9:46  Roach  
  173  9:51  Roach  
  173  9:52  Roach  
  159  9:53  Roach  
  159  9:54  Roach x2  
  159  9:55  Roach  
  159  9:57  Roach  
  159  9:59  Zergling x2  
  160  10:00  Roach  
  160  10:02  Roach  
  160  10:03  Roach  
  160  10:05  Roach  
  160  10:06  Zergling x2, Roach  
  151  10:10  Roach  
  143  10:14  Roach  
  143  10:15  Roach  
  143  10:19  Ravager  
  128  10:23  Roach x3  
  128  10:24  Zergling x12  
  128  10:26  Roach  
  128  10:27  Roach  
  128  10:28  Roach  
  136  10:34  Roach  
  129  10:36  Zergling x2, Roach  
  113  10:44  Roach  
  113  10:45  Roach  
  113  10:47  Roach  
  117  10:50  Roach  
  117  10:51  Roach  
  117  10:54  Roach  
  117  10:55  Roach x3  
  129  10:57  Roach  
  129  10:59  Roach  
  129  11:03  Hatchery  
  128  11:08  Drone, Roach x4  
  128  11:10  Roach x2  
  116  11:20  Roach  
  116  11:23  Drone x8  
  126  11:26  Drone x2  
  126  11:32  Roach  
  130  11:35  Zerg Melee Weapons Level 1  
  130  11:36  Roach x2  
  129  11:42  Roach, Ravager x2  
  129  11:43  Ravager x2  
  129  11:45  Roach  
  129  11:46  Roach  
  139  11:48  Zergling x2, Drone  
  139  11:53  Roach  
  138  11:56  Zergling x2, Roach  
  138  11:59  Zergling x2, Roach  
  138  12:01  Roach  
  138  12:04  Zergling x2  
  138  12:08  Zergling x2, Roach  
  127  12:09  Roach  
  127  12:11  Roach  
  127  12:15  Roach  
  106  12:17  Zergling x2, Roach  
  106  12:19  Zergling x2, Roach  
Show
View Real Time Build Order
Export as new Build Order

Has Protoss - Winner!

Build Orders: 1 Gate Expand, Zealot Archon, Dark Templar Rush 

Get SALT Encoding   

  12  0:00  Probe  
  13  0:12  Probe  
  14  0:19  Pylon  
  14  0:24  Probe  
  15  0:30  Assimilator  
  15  0:37  Probe (Chrono Boost)  
  16  0:42  Gateway  
  16  0:47  Probe (Chrono Boost)  
  17  0:52  Probe (Chrono Boost)  
  18  1:04  Probe  
  19  1:19  Nexus  
  19  1:29  Cybernetics Core  
  19  1:32  Probe  
  20  1:37  Assimilator  
  20  1:44  Pylon  
  20  1:48  Probe  
  21  2:00  Probe  
  22  2:03  Adept (Chrono Boost)  
  22  2:06  Warp Gate  
  24  2:11  Robotics Facility  
  24  2:14  Probe  
  25  2:23  Stalker (Chrono Boost)  
  25  2:26  Probe  
  28  2:32  Probe  
  29  2:38  Pylon  
  29  2:42  Probe (Chrono Boost)  
  31  2:44  Probe (Chrono Boost)  
  31  2:54  Probe (Chrono Boost)  
  31  2:56  Probe (Chrono Boost)  
  33  2:59  Probe (Chrono Boost)  
  33  3:04  Probe  
  35  3:06  Twilight Council  
  35  3:10  Probe  
  36  3:14  Warp Prism (Chrono Boost)  
  38  3:21  Probe  
  38  3:22  Probe  
  40  3:33  Probe  
  41  3:35  Probe  
  42  3:43  Dark Shrine  
  42  3:46  Probe  
  42  3:48  Probe  
  44  3:54  Adept  
  46  3:57  Pylon  
  46  3:58  Probe  
  47  4:06  Gateway  
  47  4:08  Nexus  
  47  4:10  Pylon  
  47  4:15  Zealot  
  49  4:19  Probe x2  
  51  4:31  Shield Battery, Probe  
  51  4:35  Probe  
  51  4:39  Adept  
  51  4:42  Immortal (Chrono Boost)  
  51  4:43  Probe  
  58  4:47  Probe  
  59  4:55  Probe  
  59  4:59  Forge  
  60  5:01  Probe  
  60  5:04  Gateway  
  60  5:05  Gateway  
  60  5:06  Gateway  
  61  5:08  Sentry  
  61  5:11  Immortal (Chrono Boost)  
  67  5:15  Protoss Ground Weapons Level 1 (Chrono Boost)  
  67  5:17  Probe  
  67  5:19  Probe  
  69  5:21  Charge  
  69  5:22  Probe  
  70  5:29  Templar Archives, Gateway  
  70  5:33  Gateway  
  70  5:36  Pylon  
  70  5:37  Probe x2  
  70  5:40  Observer (Chrono Boost)  
  70  5:41  Assimilator  
  73  5:43  Assimilator  
  73  5:47  Probe, Pylon  
  73  5:49  Probe  
  75  5:56  Probe  
  76  5:57  Immortal (Chrono Boost)  
  80  6:09  Pylon  
  80  6:12  Pylon  
  80  6:13  Pylon  
  80  6:21  Zealot x5  
  90  6:27  Pylon  
  90  6:34  Nexus  
  90  6:37  Pylon  
  90  6:40  Zealot  
  90  6:41  Warp Prism  
  90  6:44  High Templar x2  
  98  6:49  Zealot x3  
  98  6:52  Photon Cannon  
  104  6:54  Archon  
  104  6:56  Probe  
  104  6:57  Probe x2, Protoss Ground Weapons Level 2 (Chrono Boost)  
  104  7:00  High Templar x2  
  111  7:06  Archon  
  111  7:10  Zealot x3  
  111  7:13  Pylon  
  117  7:17  Zealot x2  
  119  7:24  Probe x2  
  114  7:30  Probe  
  114  7:36  Probe x2  
  117  7:39  Robotics Bay  
  117  7:43  Probe  
  118  7:47  Zealot x2  
  118  7:48  Zealot x2  
  118  7:49  Probe x2  
  118  7:50  Probe  
  129  7:53  Zealot x2  
  129  8:03  Probe x2  
  124  8:08  Zealot x4  
  130  8:18  Probe  
  130  8:19  Pylon  
  131  8:24  Disruptor (Chrono Boost), Shield Battery  
  131  8:26  Shield Battery  
  131  8:30  Probe  
  135  8:35  Shield Battery  
  135  8:36  Blink (Chrono Boost)  
  135  8:41  Zealot  
  135  8:45  Zealot x6  
  149  8:53  Disruptor (Chrono Boost)  
  130  9:05  Zealot x6  
  124  9:19  Probe x3  
  125  9:25  Zealot x7  
  125  9:26  Disruptor (Chrono Boost)  
  112  9:47  Zealot x7  
  112  9:52  Disruptor (Chrono Boost)  
  107  10:00  Probe x2  
  107  10:04  Probe x2  
  92  10:10  Zealot x3  
  92  10:11  Zealot x4  
  94  10:19  Probe  
  94  10:20  Probe  
  86  10:25  Disruptor (Chrono Boost)  
  84  10:30  Zealot x3  
  84  10:31  Zealot x4  
  89  10:41  Probe x2  
  89  10:44  Probe x2  
  91  10:51  Immortal (Chrono Boost)  
  91  10:52  High Templar x2  
  91  10:53  Probe, High Templar x3  
  91  10:54  Zealot, High Templar  
  91  10:55  Probe  
  91  10:56  Probe  
  112  11:00  Shield Battery  
  112  11:01  Archon x3  
  108  11:13  Probe x3  
  108  11:18  Zealot  
  108  11:25  Zealot x3  
  116  11:26  Zealot x2  
  116  11:28  Disruptor (Chrono Boost)  
  122  11:40  High Templar  
  122  11:41  High Templar  
  122  11:44  Archon  
  126  11:49  Zealot x4  
  126  11:50  Zealot  
  126  11:51  Disruptor (Chrono Boost)  
  122  12:11  Zealot x5  
  122  12:14  Zealot x2  
  122  12:24  Disruptor  
Tags
 
Add a new tag
Caveats
  • Supply blocks, unpowered buildings, or Contaminate may cause inaccurate times.
  • Supply counts are checked every 10 seconds.